Map: Old Republic LE

Players

mash

  • Race: Terran Terran
  • League: Silver
  • Spawn Location: 1:00

Fernando - Winner!

  • Race: Protoss Protoss
  • League: Platinum
  • Spawn Location: 7:00

VOD

Have the link to the VOD?

Description

Time

  • Played on: Dec. 1, 2025, 10:15 a.m.
  • Length: 1:24
Show
View Real Time Build Order
Export as new Build Order

mash Terran 

Build Orders:  

Get SALT Encoding   

  12  0:00  SCV  
  13  0:12  SCV  
  14  0:17  Supply Depot  
  14  0:25  Refinery  
  14  0:30  SCV  
  15  0:42  SCV  
  16  0:54  SCV, Barracks  
  17  1:06  SCV  
Show
View Real Time Build Order
Export as new Build Order

Fernando Protoss - Winner!

Build Orders:  

Get SALT Encoding   

  12  0:00  Probe  
  13  0:14  Probe  
  13  0:15  Pylon  
  14  0:22  Probe  
  15  0:32  Probe  
  16  0:38  Gateway  
  16  0:44  Probe  
  16  0:48  Assimilator  
  17  0:56  Probe  
  18  1:03  Pylon  
  18  1:08  Probe  
Tags
 
Add a new tag
Caveats
  • Supply blocks, unpowered buildings, or Contaminate may cause inaccurate times.
  • Supply counts are checked every 10 seconds.